 Dungeon Crawl Stone Soup version 0.30-a0-702-gdf48620a09 (webtiles) character file.

Game seed: 8347997401124907965

75390 Anon1729 the Severer (level 15, -18/133 HPs)
             Began as a Minotaur Monk on Jan 21, 2023.
             Was the Champion of Okawaru.
             Demolished by Donald
             ... wielding a +1 eveningstar of protection
              (31 damage)
             ... on level 2 of the Orcish Mines.
             The game lasted 00:29:18 (24570 turns).

Anon1729 the Severer (Minotaur Monk)               Turns: 24570, Time: 00:29:19

Health: -18/133    AC: 34    Str: 31    XL:     15   Next: 9%
Magic:  20/20      EV:  9    Int: 13    God:    Okawaru [******]
Gold:   535        SH:  8    Dex: 13    Spells: 14/14 levels left

rFire   + + .      SeeInvis .    w - +5 broad axe "Nucuh" {heavy, rF++ Str+2}
rCold   . . .      Faith    .    t - +3 warlock's mirror {omnireflect}
rNeg    + + .      Spirit   .    K - +4 crystal plate armour
rPois   +          Reflect  +    (helmet restricted)
rElec   .          Harm     .    h - +2 cloak
rCorr   .          Rampage  .    (no gloves)
Will    +....                    (no boots) Stlth
                                 c - amulet of the acrobat
HPRegen 0.42/turn                i - +4 ring of protection
MPRegen 0.17/turn                S - ring "Ifiuphoj" {rPois rN++ Str+6 Int+6}

@: no status effects
A: horns 2, retaliatory headbutt
a: Renounce Religion, Heroism, Finesse, Duel


You were on level 2 of the Orcish Mines.
You worshipped Okawaru.
Okawaru was exalted by your worship.
You visited 3 branches of the dungeon, and saw 21 of its levels.
You also visited: Bailey and Volcano.

You collected 1885 gold pieces.
You spent 1350 gold pieces at shops.

Inventory:

Hand Weapons
 w - the +5 broad axe "Nucuh" (weapon) {heavy, rF++ Str+2}
   (Okawaru gifted it to you on level 4 of the Lair of Beasts)

   Str:       It affects your strength (+2).
   rF:        It greatly protects you from fire.
 H - the +10 demon whip of Regicide {vamp, rN++ Dex+5}
   (You found it on level 11 of the Dungeon)

   Dex:       It affects your dexterity (+5).
   rN:        It greatly protects you from negative energy.
 O - a +1 heavy executioner's axe
 X - a +1 broad axe of venom
Missiles
 a - 3 atropa-tipped darts
 f - 3 throwing nets (quivered)
 r - a datura-tipped dart
Armour
 h - a +2 cloak (worn)
 t - the +3 warlock's mirror (worn) {omnireflect}
   (You acquired it on level 8 of the Dungeon)

   Omnireflect: It can block and reflect piercing ranged attacks and magical
   attacks against the wielder's willpower.
 K - a +4 crystal plate armour (worn)
Jewellery
 c - an amulet of the acrobat (around neck)
 e - a ring of willpower
 i - a +4 ring of protection (left hand)
 m - a ring of willpower
 o - the ring "Ticval" {Fly Dex+6}
   (You found it on level 11 of the Dungeon)

   [ring of dexterity]

   Dex:       It affects your dexterity (+6).
   Fly:       It grants you flight.
 L - an amulet of faith
 N - a ring of protection from fire
 S - the ring "Ifiuphoj" (right hand) {rPois rN++ Str+6 Int+6}
   (You acquired it on level 14 of the Dungeon)

   [ring of intelligence]

   Str:       It affects your strength (+6).
   Int:       It affects your intelligence (+6).
   rPois:     It protects you from poison.
   rN:        It greatly protects you from negative energy.
 W - a ring of resist corrosion
 Y - a ring of willpower
Wands
 g - a wand of flame (44)
 s - a wand of iceblast (30)
 v - a wand of digging (4)
 I - a wand of acid (5)
 Q - a wand of paralysis (2)
 T - a wand of mindburst (18)
Scrolls
 d - 2 scrolls of poison
 k - 5 scrolls of enchant weapon
 n - a scroll of amnesia
 p - a scroll of silence
 q - a scroll of magic mapping
 u - 3 scrolls of brand weapon
 x - 3 scrolls of fear
 C - 5 scrolls of blinking
 D - 3 scrolls of teleportation
 E - 4 scrolls of immolation
 F - 2 scrolls of fog
 M - 7 scrolls of identify
Potions
 b - 4 potions of curing
 j - 5 potions of haste
 l - 9 potions of heal wounds
 z - 4 potions of resistance
 A - 2 potions of attraction
 B - 3 potions of berserk rage
 G - 2 potions of flight
 J - 3 potions of lignification
 P - 3 potions of brilliance
 R - a potion of cancellation
 U - 2 potions of mutation
 V - 2 potions of might
Miscellaneous
 y - a tin of tremorstones (2/2)
 Z - a condenser vane


   Skills:
 + Level 12.2 Fighting
 * Level 16.5 Axes
 + Level 9.1 Throwing
 * Level 14.6 Armour
 + Level 8.5 Dodging
 - Level 1.5 Stealth
 + Level 6.6 Shields
 + Level 9.0 Invocations
 + Level 8.1 Evocations


You had 14 spell levels left.
You didn't know any spells.
Your spell library contained the following spells:

 Spells                   Type           Power      Damage    Failure   Level
 Apportation              Tloc           0%         N/A       99%         1
 Necrotise                Necr           0%         1d4       99%         1
 Sandblast                Erth           0%         2d4       99%         1
 Slow                     Hex            0%         N/A       99%         1
 Blink                    Tloc           0%         N/A       100%        2
 Cigotuvi's Dreadful Rot  Necr/Pois/Air  0%         N/A       100%        2
 Lesser Beckoning         Tloc           0%         N/A       100%        2
 Momentum Strike          Conj/Tloc      0%         3d8       100%        2
 Passwall                 Tmut/Erth      0%         N/A       100%        2
 Poisonous Vapours        Pois/Air       0%         N/A       100%        2
 Scorch                   Fire           0%         2d5       100%        2
 Confusing Touch          Hex            0%         N/A       100%        3
 Hailstorm                Conj/Ice       0%         3d3       100%        3
 Ignite Poison            Fire/Tmut/Pois 0%         N/A       100%        3
 Kindle Blastsparks       Fire/Tloc/Air  0%         2d10      100%        3
 Mephitic Cloud           Conj/Pois/Air  0%         N/A       100%        3
 Vampiric Draining        Necr           0%         2d6       100%        3
 Cause Fear               Hex            0%         N/A       100%        4
 Flame Wave               Conj/Fire      0%         2d4       100%        4
 Fulminant Prism          Conj/Hex       0%         3d5       100%        4
 Ice Form                 Ice/Tmut       0%         N/A       100%        4
 Iskenderun's Mystic Bla  Conj/Tloc      0%         2d3       100%        4
 Petrify                  Tmut/Erth      0%         N/A       100%        4
 Sticky Flame             Conj/Fire      0%         2d3       100%        4
 Blade Hands              Tmut           0%         N/A       100%        5
 Freezing Cloud           Conj/Ice/Air   0%         6-21      100%        5
 Irradiate                Conj/Tmut      0%         3d11      100%        5
 Lee's Rapid Deconstruct  Erth           0%         3d4*      100%        5
 Iron Shot                Conj/Erth      0%         9d1       100%        6
 Dragon Form              Tmut           0%         N/A       100%        7
 Ignition                 Fire           0%         3d3       100%        8
 Death's Door             Necr           0%         N/A       100%        9
 Summon Small Mammal      Summ           Unusable   N/A       N/A         1
 Simulacrum               Ice/Necr       Unusable   N/A       N/A         6
 Summon Cactus Giant      Summ           Unusable   N/A       N/A         6
 Dragon's Call            Summ           Unusable   N/A       N/A         9

Dungeon Overview and Level Annotations

Branches:
Dungeon (14/15)            Temple (0/1) D:6            Lair (5/5) D:10
  Swamp (0/4) Lair:3       Spider (0/4) Lair:3        Slime (0/5) Lair:4
    Orc (2/2) D:11            Elf (0/3) Orc:2        Vaults (0/5) D:14
 Bailey (visited)         Volcano (visited)

Altars:
Dithmenos
Gozag
Hepliaklqana
Makhleb
Okawaru
Ru
Uskayaw
Vehumet
Xom
The Shining One
Jiyva

Shops:
D:1 :   D:2 ?   D:5 :   D:10 *   D:13 ?

Annotations:
Lair:1 3 runed translucent doors, kae's ghost, journeyman DsTm
Orc:2 Donald


Innate Abilities, Weirdness & Mutations

You have a pair of horns on your head.
You reflexively headbutt those who attack you in melee.


Message History

You cut the orc warrior into ribbons!!!
You kill the orc warrior!
Okawaru accepts your kill.
You slash the orc!
You kill the orc!
You slice Donald!!
Donald hits you with a +1 eveningstar of protection!
Donald barely misses you. You furiously retaliate!
You headbutt Donald! You slash Donald! Your headbutt misses Donald.
Donald is almost dead.
Donald says, "Orcs smell really bad.
Yuck."
You block Donald's attack. Donald blocks your attack.
Donald is almost dead.
Donald closely misses you.
Donald says, "I don't get what's so special about the number twenty-seven."
You block Donald's attack. Donald blocks your attack.
Your headbutt misses Donald.
Donald is severely wounded.
You block Donald's attack.
Donald hits you with a +1 eveningstar of protection.
Donald blocks your attack.
You headbutt Donald!
Donald is almost dead.
Donald hits you with a +1 eveningstar of protection!
You hit Donald but do no damage.
Donald is almost dead.
Donald hits you with a +1 eveningstar of protection!!!
Donald hits you with a +1 eveningstar of protection!
You barely miss Donald.
Donald is almost dead.
Donald hits you with a +1 eveningstar of protection!!
* * * LOW HITPOINT WARNING * * *
Donald barely misses you.
You hit Donald but do no damage.
Donald is almost dead.
Donald hits you with a +1 eveningstar of protection.
* * * LOW HITPOINT WARNING * * *
Donald says, "I've got a headache.
I hate that."
Donald hits you with a +1 eveningstar of protection!!
You die...

..# #.....# ..#
#.....## ..#
#......########
##......##.#.#.##
.................#
###.........#.#.##
#.........#####
#.........#
#.......)@#
#.......)@..#
....#.........#
...............#
#...........##
...........##
....##..... ...#
####.##


You could see Donald (fast, strong).

Vanquished Creatures
  Agnes (D:14)
  Frances (D:14)
  An orc warlord (Orc:1)
  The ghost of Dominolapin the Marksspriggan, a journeyman SpHu of Gozag (D:13)
  Harold (D:9)
  A vault guard (D:14)
  Erica (D:9)
  3 hydras
  A death knight (D:11)
  2 boulder beetles
  4 centaur warriors
  4 two-headed ogres
  A tengu warrior (D:14)
  3 death yaks (Lair:5)
  The ghost of flestrin the Grappler, a novice TrBe of Trog (D:8)
  6 skeletal warriors
  A fire crab (Lair:5)
  The ghost of HoaS the Martial Artist, a novice DgGl (D:11)
  A lindwurm (Lair:3)
  An anaconda skeleton (Volcano)
  A harpy (shapeshifter) (D:14)
  An orc knight (Orc:1)
  5 deep elf pyromancers
  8 ugly things
  A manticore (D:14)
  2 cyclopes (D:12)
  12 elephants
  Maurice (D:9)
  2 black mambas
  11 cane toads
  5 gargoyles
  3 unseen horrors (D:11)
  2 kobold demonologists (D:10)
  An efreet (D:11)
  7 komodo dragons
  Psyche (D:9)
  2 tengu conjurers
  11 trolls
  4 tyrant leeches (Lair:3)
  4 hornets (Lair:5)
  A polar bear (shapeshifter) (D:14)
  5 polar bears
  2 dream sheep (Lair:5)
  18 blink frogs
  A harpy skeleton (Volcano)
  An alligator skeleton (Volcano)
  A slime creature (D:14)
  3 flying skulls (Volcano)
  13 spriggans (Lair:5)
  9 wyverns
  3 wraiths
  2 vampires
  A ynoxinul (D:13)
  A shadow (D:9)
  36 yaks
  Grum (D:8)
  2 basilisks
  A vampire mosquito (D:11)
  A steam dragon (D:8)
  Menkaure (D:6)
  4 wargs
  2 swamp worms (Lair:3)
  2 acid dragons
  Duvessa (D:6)
  10 water moccasins
  33 orc warriors
  4 black bears
  3 ice beasts
  3 sky beasts
  5 ogres
  23 wolves
  4 boggarts (Lair:5)
  5 centaurs
  A phantom (D:5)
  5 kobold brigands
  7 bullfrogs
  A necrophage (D:5)
  A gnoll sergeant (D:5)
  3 scorpions
  12 wights (D:7)
  Dowan (D:6)
  10 killer bees
  2 howler monkeys
  A spriggan skeleton (Volcano)
  A jelly (D:6)
  9 hounds
  12 orc priests
  4 iguanas
  14 orc wizards
  7 hell rats (Lair:5)
  A naga skeleton (Volcano)
  12 gnolls
  4 adders
  A white imp (D:8)
  3 ufetubi (D:5)
  3 worms
  A dart slug (D:3)
  69 orcs
  6 endoplasms
  6 giant cockroaches
  9 goblins
  5 hobgoblins
  6 jackals
  35 kobolds
  5 quokkas
  6 ball pythons
  7 bats
  5 frilled lizards
  4 rats
601 creatures vanquished.

Vanquished Creatures (others)
  A basilisk (D:11)
  A kobold (D:11)
  A bush (Lair:5)
  22 fungi
  30 plants
55 creatures vanquished.

Grand Total: 656 creatures vanquished

Notes
Turn   | Place    | Note
-------+----------+-------------------------------------------
     0 | D:1      | Anon1729 the Minotaur Monk began the quest for the Orb.
     0 | D:1      | Reached XP level 1. HP: 19/19 MP: 0/0
   224 | D:1      | You fall into a shaft and drop 1 floor!
   266 | D:2      | Reached skill level 4 in Axes
   266 | D:2      | Reached XP level 2. HP: 27/27 MP: 1/1
   307 | D:2      | Reached skill level 1 in Armour
   521 | D:1      | Found Ockati's Book Shop.
   555 | D:1      | Reached XP level 3. HP: 33/33 MP: 2/2
  1550 | D:2      | Found Onao's Magic Scroll Shoppe.
  1659 | D:1      | Reached XP level 4. HP: 21/40 MP: 3/3
  1930 | D:3      | Noticed a black bear
  1935 | D:3      | Reached skill level 5 in Axes
  2146 | D:3      | Killed a black bear
  2147 | D:3      | Reached XP level 5. HP: 14/47 MP: 4/4
  2317 | D:3      | Found a shadowy altar of Dithmenos.
  2319 | D:3      | Found a hide-covered altar of Uskayaw.
  2331 | D:3      | Found a shimmering altar of Xom.
  2904 | D:4      | Reached XP level 6. HP: 41/55 MP: 5/5
  2925 | D:4      | Reached skill level 5 in Fighting
  2948 | D:5      | Entered Level 5 of the Dungeon
  2960 | D:5      | Reached skill level 6 in Axes
  2984 | D:5      | Identified a scroll of acquirement
  2984 | D:5      | Acquired an amulet of the acrobat
  2997 | D:5      | Found the +5 robe of Misfortune {Harm *Corrode *Slow EV+5}
  3223 | D:5      | Identified the +2 robe "Voysit" {rC++ Will++ Slay-5}
  3251 | D:5      | Reached XP level 7. HP: 60/61 MP: 6/6
  3291 | D:5      | Reached skill level 5 in Dodging
  3411 | D:5      | Reached skill level 7 in Axes
  3531 | D:5      | Found an iron altar of Okawaru.
  3657 | D:5      | Found Xumoss Muiv's Book Boutique.
  3699 | D:5      | Became a worshipper of Warmaster Okawaru
  3699 | D:5      | Reached * piety under Okawaru
  3699 | D:5      | Reached ** piety under Okawaru
  4069 | D:6      | Found a staircase to the Ecumenical Temple.
  4190 | D:6      | Reached XP level 8. HP: 66/70 MP: 7/7
  4380 | D:4      | Reached skill level 1 in Invocations
  4532 | D:4      | Reached skill level 1 in Throwing
  5113 | D:2      | Bought a scroll of noise for 14 gold pieces
  5113 | D:2      | Bought a scroll of teleportation for 42 gold pieces
  5113 | D:2      | Bought a scroll of blinking for 105 gold pieces
  5113 | D:2      | Bought a scroll of immolation for 56 gold pieces
  5232 | D:6      | Reached skill level 8 in Axes
  5232 | D:6      | Reached skill level 1 in Evocations
  5347 | D:6      | Identified the +5 leather armour of Rationality {rElec}
  5488 | D:6      | Reached skill level 5 in Armour
  5527 | D:6      | Noticed Menkaure
  5528 | D:6      | Noticed Duvessa
  5528 | D:6      | Noticed Dowan
  5530 | D:6      | Killed Dowan
  5531 | D:6      | Killed Duvessa
  5533 | D:6      | Killed Menkaure
  5533 | D:6      | Reached *** piety under Okawaru
  6036 | D:7      | Found an opulent altar of Gozag.
  6169 | D:7      | Reached XP level 9. HP: 46/73 MP: 9/9
  6264 | D:7      | Reached skill level 9 in Axes
  6357 | D:7      | Reached **** piety under Okawaru
  7122 | D:7      | Received a gift from Okawaru
  7123 | D:7      | Reached skill level 10 in Axes
  7184 | D:7      | Found a burning altar of Makhleb.
  7631 | D:8      | Found a runed translucent door.
  7631 | D:8      | Noticed flestrin's ghost (novice TrBe)
  7700 | D:8      | Noticed Grum
  7709 | D:8      | Killed Grum
  7710 | D:8      | Reached XP level 10. HP: 27/86 MP: 11/11
  8073 | D:8      | Reached ***** piety under Okawaru
  8228 | D:8      | Found a sacrificial altar of Ru.
  8237 | D:8      | Found a hazy altar of Hepliaklqana.
  8375 | D:8      | Acquired the +3 warlock's mirror {omnireflect}
  8375 | D:8      | Found the +3 warlock's mirror {omnireflect}
  8400 | D:8      | Killed flestrin's ghost
  8400 | D:8      | Received a gift from Okawaru
  8401 | D:8      | Reached skill level 1 in Shields
  8675 | D:9      | Noticed Psyche
  8682 | D:9      | Found a flagged portal.
  8693 | Bailey   | Entered a bailey
  9132 | Bailey   | Identified the +4 tower shield of the Dwarven Hall {rN+
                  | Str+6 Slay-2}
  9275 | D:9      | Killed Psyche
  9369 | D:9      | Noticed Erica
  9373 | D:9      | Reached skill level 11 in Axes
  9380 | D:9      | Received a gift from Okawaru
  9391 | D:9      | HP: 2/89 [yak (7)]
  9411 | D:10     | Entered Level 10 of the Dungeon
  9616 | D:9      | Killed Erica
  9617 | D:9      | Reached XP level 11. HP: 75/95 MP: 13/13
  9822 | D:9      | Found a radiant altar of Vehumet.
 10002 | D:9      | Noticed Maurice
 10024 | D:9      | Killed Maurice
 10025 | D:9      | Reached skill level 5 in Throwing
 10025 | D:9      | Reached skill level 5 in Invocations
 10112 | D:9      | Noticed Harold
 10120 | D:9      | Killed Harold
 10155 | D:10     | Found a staircase to the Lair.
 10168 | D:10     | Reached skill level 5 in Shields
 10267 | D:10     | Got Tasy's Enchiridion on Charged Bodies
 10289 | D:10     | Received a gift from Okawaru
 10319 | D:10     | Found Ushralohoo's Assorted Antiques.
 10322 | D:10     | Bought a scroll of identify for 58 gold pieces
 10322 | D:10     | Bought a potion of curing for 87 gold pieces
 10348 | D:10     | Noticed a two-headed ogre
 10354 | D:10     | Killed a two-headed ogre
 10355 | D:10     | Reached skill level 12 in Axes
 10902 | D:11     | Noticed a soul eater
 11147 | D:10     | Reached skill level 5 in Evocations
 11439 | D:11     | Found a staircase to the Orcish Mines.
 11563 | D:11     | Noticed a deep elf pyromancer
 11563 | D:11     | Noticed a skeletal warrior
 11563 | D:11     | Noticed a deep elf pyromancer
 11563 | D:11     | Noticed a centaur warrior
 11563 | D:11     | Noticed a deep elf pyromancer
 11567 | D:11     | Noticed a boulder beetle
 11568 | D:11     | Noticed a death knight
 11570 | D:11     | Noticed a centaur warrior
 11573 | D:11     | Noticed a two-headed ogre
 11852 | Lair:1   | Entered Level 1 of the Lair of Beasts
 12061 | Lair:1   | Reached XP level 12. HP: 95/105 MP: 15/15
 12125 | Lair:1   | Reached skill level 10 in Armour
 12143 | Lair:1   | Found a runed translucent gate.
 12143 | Lair:1   | Found a runed translucent gate.
 12143 | Lair:1   | Found a runed translucent gate.
 12198 | Lair:1   | Noticed kae's ghost (journeyman DsTm)
 12631 | Lair:2   | Received a gift from Okawaru
 12790 | Lair:2   | Reached skill level 13 in Axes
 12909 | Lair:2   | Reached ****** piety under Okawaru
 13978 | Lair:3   | Found a hole to the Spider Nest.
 14067 | Lair:3   | Found a dark tunnel.
 14116 | Volcano  | Entered a volcano
 14139 | Volcano  | Reached skill level 10 in Fighting
 15342 | Lair:3   | Reached skill level 14 in Axes
 15356 | Lair:3   | Received a gift from Okawaru
 15372 | Lair:3   | Found a staircase to the Swamp.
 15606 | Lair:3   | Reached XP level 13. HP: 109/114 MP: 17/17
 16159 | Lair:4   | Identified the +5 broad axe "Nucuh" {heavy, rF++ Str+2}
                  | (Okawaru gifted it to you on level 4 of the Lair of Beasts)
 16159 | Lair:4   | Received a gift from Okawaru
 16525 | Lair:4   | Found a viscous altar of Jiyva.
 16525 | Lair:4   | Found a staircase to the Slime Pits.
 17165 | Lair:5   | Entered Level 5 of the Lair of Beasts
 18021 | Lair:5   | Identified the +3 hand axe of Besinod {venom, Fragile rC+
                  | Int+2 Dex+5} (Okawaru gifted it to you on level 5 of the
                  | Lair of Beasts)
 18021 | Lair:5   | Received a gift from Okawaru
 18350 | Lair:5   | Reached skill level 15 in Axes
 18869 | Lair:5   | Identified the +0 ring mail of Gravity {Stlth+}
 19002 | Lair:5   | Identified the +1 scale mail "Suoprat" {Str+4} (Okawaru
                  | gifted it to you on level 5 of the Lair of Beasts)
 19002 | Lair:5   | Received a gift from Okawaru
 19107 | Lair:5   | Reached XP level 14. HP: 112/124 MP: 19/19
 20370 | D:12     | Identified the +8 spear of Shouting Death {speed, Contam
                  | Str+3 SInv}
 20628 | D:12     | Found a glowing golden altar of the Shining One.
 20810 | D:13     | Found Qaxosan's Magic Scroll Boutique.
 20884 | D:13     | Bought a scroll of acquirement for 988 gold pieces
 20884 | D:13     | Acquired a +1 heavy executioner's axe
 20889 | D:13     | Found a runed translucent door.
 20890 | D:13     | Noticed Dominolapin's ghost (journeyman SpHu)
 21242 | D:13     | Identified the +0 robe of Daat {rC+ Stlth+}
 22122 | D:14     | Identified the +1 battleaxe of Pauteomu {protect, *Noise
                  | Int+3 Dex+5} (Okawaru gifted it to you on level 14 of the
                  | Dungeon)
 22122 | D:14     | Received a gift from Okawaru
 22305 | D:14     | Noticed Frances
 22417 | D:14     | Killed Frances
 22418 | D:14     | Reached skill level 16 in Axes
 22527 | D:14     | Noticed Agnes
 22529 | D:14     | Acquired the ring "Ifiuphoj" {rPois rN++ Str+6 Int+6}
 22537 | D:14     | Killed Agnes
 22826 | D:14     | Found a gate to the Vaults.
 23015 | D:13     | Killed Dominolapin's ghost
 23025 | D:13     | Got the Folio of Topomancy
 23137 | D:11     | Identified the +2 flail of the Other Side {protect, Str+2}
 23257 | D:11     | Identified the ring "Ticval" {Fly Dex+6}
 23343 | D:11     | Received a gift from Okawaru
 23708 | D:11     | Found a runed translucent door.
 23712 | D:11     | Noticed HoaS's ghost (novice DgGl)
 23722 | D:11     | Killed HoaS's ghost
 23728 | D:11     | Identified the +10 demon whip of Regicide {vamp, rN++
                  | Dex+5}
 23872 | Orc:1    | Entered Level 1 of the Orcish Mines
 23885 | Orc:1    | Received a gift from Okawaru
 23886 | Orc:1    | Reached XP level 15. HP: 78/132 MP: 20/20
 24298 | Orc:2    | Entered Level 2 of the Orcish Mines
 24448 | Orc:2    | Found a staircase to the Elven Halls.
 24555 | Orc:2    | Noticed Donald
 24570 | Orc:2    | Demolished by Donald

Illustrated notes

Levels and vault maps discovered:
D:1:      dpeg_arrival_leaves_temple_mockup, layout_loops_ring, serial_shops,
          shop_statue, solitary_fountain
D:2:      minmay_diamond_boxcup, layout_basic, serial_shops, shop
D:3:      layout_loops_cross, chequers_temple_overflow_statue_of_worship,
          st_stairs_4
D:4:      layout_basic, amethyst_killhole
D:5:      layout_gridville, lemuel_doored_altar, serial_shops,
          nicolae_shop_waterfront, minmay_fractal_squares_5
D:6:      layout_basic, minmay_temple_entry_proselytizer, nrook_uturn,
          uniq_duvessa, uniq_menkaure
D:7:      layout_basic, makhleb_blood_cavern_becter, grunt_gozag_statues
D:8:      hellmonk_ruined_rings, layout_basic, mainiacjoe_overflow_swirl,
          hellmonk_ghost_happy_afterlife, uniq_grum
D:9:      layout_basic, nicolae_vehumet_radiance, enter_bailey_3, uniq_erica,
          uniq_harold, uniq_psyche, uniq_maurice
D:10:     layout_loops_ring, minmay_lair_entry_grove, serial_shops,
          kennysheep_mini
D:11:     minmay_the_grid_octo_2x2 [minmay_the_grid_octo_focus,
          minmay_the_grid_octo_tetromino_candy, minmay_the_grid_octo_fan_narrow,
          minmay_the_grid_octo_prize_star], layout_rooms, david_orc_2,
          ebering_ghost_reflecting_pool
D:12:     layout_cave_pools, special_room [special_room_orc], tso_oasis_becter
D:13:     layout_cave_pods, serial_shops, shop_fountains,
          hellmonk_ghost_big_iron
D:14:     layout_small_grid, david_vaults_5, uniq_agnes, uniq_frances
Lair:1:   layout_regular_city, gammafunk_ghost_icy, serial_bayou_shore_b
Lair:2:   layout_cave_pods, serial_rivers, chequers_serial_rivers_micro_d,
          chequers_serial_rivers_room_b, chequers_serial_rivers_small_b,
          chequers_serial_rivers_marsh
Lair:3:   layout_layer_cave, minmay_swamp_entry_worms,
          spider_nest_entry_web_field, nicolae_volcano_entry_vermiform
Lair:4:   layout_cave_pods, dpeg_slime_entry_enclosed
Lair:5:   minmay_lair_end_enchanted_forest, layout_cave_pods, minivault_24
Orc:1:    layout_caves
Orc:2:    st_orc_town, layout_caves, nicolae_orc_stony_grotto,
          nicolae_orc_lava_room, uniq_donald

Skill      XL: |  1  2  3  4  5  6  7  8  9 10 11 12 13 14 |
---------------+-------------------------------------------+-----
Axes           | 4 5 6 7 8 10 11 12 14 15 16 | 16.5
Armour         | 1 2 3 4 5 6 7 9 11 13 14 | 14.6
Fighting       | 4 5 6 7 8 9 10 11 12 | 12.2
Dodging        | 4 5 6 7 8 |  8.5
Invocations    | 2 3 4 6 7 8 9 |  9.0
Throwing       | 2 3 4 6 7 8 9 |  9.1
Evocations     | 2 3 4 5 6 7 8 |  8.1
Shields        | 4 5 6 |  6.6
Stealth        | |  1.5

Action                   |  1- 3 |  4- 6 |  7- 9 | 10-12 | 13-15 || total
-------------------------+-------+-------+-------+-------+-------++-------
Melee: Hand axe          |    88 |   146 |   236 |       |       ||   470
       Headbutt          |    12 |    19 |    55 |   129 |   118 ||   333
       Punch             |     1 |       |     4 |       |       ||     5
       War axe           |       |       |    60 |   627 |     3 ||   690
       Broad axe         |       |       |       |       |   513 ||   513
       Scimitar          |       |       |       |       |    19 ||    19
Invok: Heroism           |       |       |       |     3 |     1 ||     4
Evoke: Wand              |       |       |     4 |     3 |       ||     7
       Condenser vane    |       |       |       |       |     1 ||     1
  Use: Potion            |       |     5 |       |     6 |     1 ||    12
       Scroll            |       |     8 |       |    18 |     6 ||    32
 Stab: Sleeping          |    10 |       |       |       |       ||    10
Armor: Robe              |     8 |       |       |       |       ||     8
       Leather armour    |    15 |    46 |       |       |       ||    61
       Chain mail        |       |   107 |   149 |    53 |       ||   309
       Crystal plate arm |       |       |       |   366 |   563 ||   929
Dodge: Dodged            |    56 |   113 |   155 |   213 |   266 ||   803
Block: Buckler           |       |       |       |   279 |   313 ||   592
       Reflection        |       |       |       |    11 |    20 ||    31

Table legend: (Time is in decaauts)
 A = Elapsed time spent in this place.
 B = Non-inter-level travel time spent in this place.
 C = Inter-level travel time spent in this place.
 D = Time resting spent in this place.
 E = Time spent auto-exploring this place.
 F = Levels seen in this place.
 G = Mean time per level.
                   A        B        C        D        E       F      G
               +--------+--------+--------+--------+--------+-----+--------+
         Total |  24739 |  23412 |   1327 |   3181 |  16352 |  23 | 1075.6 |
       Dungeon |  15887 |  14963 |    924 |   2683 |   9807 |  14 | 1134.8 |
          Lair |   6951 |   6556 |    395 |    446 |   5223 |   5 | 1390.2 |
  Orcish Mines |    558 |    550 |      8 |      0 |    450 |   2 |  279.0 |
        Bailey |    594 |    594 |      0 |      0 |    408 |   1 |  594.0 |
       Volcano |    747 |    747 |      0 |     52 |    463 |   1 |  747.0 |
               +--------+--------+--------+--------+--------+-----+--------+

Top non-repeatable levels by time:
  Lair:5: 2095 daAuts
    D:10: 1794 daAuts
  Lair:3: 1417 daAuts
    D:14: 1399 daAuts
  Lair:2: 1346 daAuts
     D:7: 1338 daAuts
    D:11: 1313 daAuts
  Lair:4: 1297 daAuts
     D:8: 1279 daAuts
     D:5: 1237 daAuts
     D:2: 1131 daAuts
     D:4: 1076 daAuts
    D:13: 1047 daAuts
     D:9: 1038 daAuts
     D:1: 908 daAuts
